 Dungeon Crawl Stone Soup version 0.22.0-32-gbc6daba (webtiles) character file.

49 Lew the Bolt Thrower (level 4, 13/27 HPs)
             Began as a Kobold Hunter on Aug 23, 2018.
             Quit the game on level 2 of the Dungeon.
             The game lasted 00:02:24 (1248 turns).

Lew the Bolt Thrower (Kobold Hunter)                Turns: 1248, Time: 00:02:25

Health: 13/27      AC:  3    Str: 10    XL:     4   Next: 1%
Magic:  4/4        EV: 15    Int: 12    God:
Gold:   57         SH:  0    Dex: 15    Spells: 3/3 levels left

rFire    . . .     SeeInvis .   a - +1 hand crossbow
rCold    . . .     Gourm    .   (shield restricted)
rNeg     . . .     Faith    .   c - +0 leather armour
rPois    .         Spirit   .   (no helmet)
rElec    .         Reflect  .   (no cloak)
rCorr    .         Harm     .   (no gloves)
MR       .....                  (no boots)
Stlth    ++........             (no amulet)
HPRegen  0.09/turn              (no ring)
MPRegen  0.09/turn              (no ring)

@: no status effects
A: small, carnivore
a: no special abilities


You were on level 2 of the Dungeon.
You were not hungry.

You visited 1 branch of the dungeon, and saw 2 of its levels.

You collected 57 gold pieces.

Inventory:

Hand Weapons
 a - a +1 hand crossbow (weapon)
 b - a +0 short sword
Missiles
 d - 10 bolts (quivered)
Armour
 c - a +0 leather armour (worn)
Jewellery
 e - an uncursed ring of flight {unknown}
Scrolls
 i - a scroll of fog {unknown}
 j - a scroll of identify {unknown}
Potions
 g - a potion of lignification {unknown}
 h - a potion of berserk rage {unknown}
Comestibles
 f - 3 rations


   Skills:
 + Level 2.8 Fighting
 + Level 1.6 Short Blades
 + Level 5.1 Crossbows
 + Level 3.0 Dodging
 + Level 2.4 Stealth


You had 3 spell levels left.
You didn't know any spells.
Your spell library was empty.

Dungeon Overview and Level Annotations

Branches:
Dungeon (2/15)

Altars:


Innate Abilities, Weirdness & Mutations

You are small and have problems with some larger weapons.
You are carnivorous and can eat meat at any time.


Message History

You are too injured to fight recklessly!
You are too injured to fight recklessly!
Wield which item (- for none, * to show all)? (? for menu, Esc to quit)
a - a +1 hand crossbow (weapon)
The bat closely misses you. The bat hits you but does no damage.
You are too injured to fight recklessly!
You are too injured to fight recklessly!
Really attack while wielding your +1 hand crossbow?
You closely miss the bat. The bat hits you but does no damage.
The bat closely misses you.
You are too injured to fight recklessly!
The bat hits you but does no damage. The bat misses you. x2
Found a hand axe.
The bat completely misses you. The bat closely misses you.
The bat hits you but does no damage.
Found 12 gold pieces.
You clumsily bash the bat but do no damage.
The bat hits you but does no damage. x2
Okay, then.
Are you sure you want to abandon this character and quit the game? (Confirm with "yes".)

#..# #.##...... ##
#..# #.##.####.
....###..####.##...)..
#.>..........#...###.
#.###..#####.....##.
##.............#. #
##b[†#####......#.
#####.#.....##
##...#.##
$......@.....# ##.##.#
...............) ..#
..
#####..b............
... #.#.....##.###.#.
.# #.##..?## .# #. #.
#.... . . #..### # ...


You could see 2 bats.

Vanquished Creatures
  2 adders (D:2)
  A dart slug (D:2)
  A leopard gecko (D:1)
  A giant cockroach (D:1)
  4 goblins
  5 hobgoblins
  A quokka (D:2)
  4 bats
  4 frilled lizards
  2 kobolds (D:1)
  5 rats
30 creatures vanquished.

Notes
Turn   | Place    | Note
-------+----------+-------------------------------------------
     0 | D:1      | Lew the Kobold Hunter began the quest for the Orb.
     0 | D:1      | Reached XP level 1. HP: 12/12 MP: 1/1
   107 | D:1      | Reached XP level 2. HP: 18/18 MP: 2/2
   181 | D:1      | Reached skill level 1 in Short Blades
   181 | D:1      | Reached skill level 5 in Crossbows
   622 | D:2      | Reached XP level 3. HP: 14/22 MP: 3/3
  1233 | D:2      | Reached XP level 4. HP: 17/27 MP: 4/4
  1248 | D:2      | Quit the game

Skill      XL: |  1  2  3 |
---------------+----------+-----
Short Blades   | 1 |  1.6
Crossbows      | 5 |  5.1
Stealth        | 2 |  2.4
Dodging        | 3 |  3.0
Fighting       | |  2.8

Action                   |  1- 3 |  4- 6 || total
-------------------------+-------+-------++-------
Melee: Short sword       |    52 |     8 ||    60
       Hand crossbow     |       |     2 ||     2
 Fire: Hand crossbow     |    29 |       ||    29
 Stab: Sleeping          |     1 |       ||     1
  Eat: Chunk             |     1 |       ||     1
Armor: Leather armour    |    11 |    14 ||    25
Dodge: Dodged            |    49 |    22 ||    71
